 Dungeon Crawl Stone Soup version 0.23-a0-586-gacb4b3f (console) character file.

18100 Duffy the Destroyer (level 12, -8/116 HPs)
             Began as a Naga Fire Elementalist on Dec 18, 2018.
             Was an Elder of Vehumet.
             Killed by drain life
             ... invoked by a soul eater
              (17 damage)
             ... in a Gauntlet.
             The game lasted 00:27:32 (19495 turns).

Duffy the Destroyer (Naga Fire Elementalist)       Turns: 19495, Time: 00:27:34

Health: -8/116     AC:  8    Str: 11    XL:     12   Next: 55%
Magic:  3/26       EV: 14    Int: 20    God:    Vehumet [****..]
Gold:   404        SH:  4    Dex: 12    Spells: 18/31 levels left

rFire    + + .     SeeInvis +   D - +7 mace of Disembowelment {crush, rF+}
rCold    + . .     Gourm    .   n - +0 buckler
rNeg     . . .     Faith    .   o - +1 robe {rF+}
rPois    +         Spirit   .   (no helmet)
rElec    .         Reflect  .   k - +0 cloak
rCorr    .         Harm     .   b - +0 pair of gloves
MR       +....     NoTele   +   (no barding)
Stlth    ++........             (no amulet)
HPRegen  0.29/turn              r - ring of protection from cold
MPRegen  0.20/turn              u - +5 ring of evasion

@: drained, very slow
A: large, see invisible, deformed body, poison resistance, slowness 2, slow
metabolism 1, spit poison 1, AC +4
a: Spit Poison, Renounce Religion


You were in a Gauntlet.
You worshipped Vehumet.
Vehumet was greatly pleased with you.
You were not hungry.

You visited 3 branches of the dungeon, and saw 13 of its levels.
You also visited: Ossuary and Gauntlet.

You collected 559 gold pieces.
You spent 155 gold pieces at shops.

Inventory:

Hand Weapons
 D - the +7 mace of Disembowelment (weapon) {crush, rF+}
   (You found it on level 9 of the Dungeon)

   It inflicts extra damage upon your enemies.
   It protects you from fire.
Missiles
 H - 3 throwing nets (quivered)
Armour
 b - a +0 pair of gloves (worn)
 k - a +0 cloak (worn)
 n - a +0 buckler (worn)
 o - a +1 robe of fire resistance (worn)
 G - a +0 troll leather armour
 K - a +2 ring mail of fire resistance
Magical Staves
 s - an uncursed staff of conjuration
 L - an uncursed staff of wizardry
Jewellery
 r - a ring of protection from cold (left hand)
 u - a +5 ring of evasion (right hand)
 M - a +2 ring of strength
Wands
 y - a wand of digging (5)
 I - a wand of polymorph (8)
Scrolls
 a - 4 scrolls of enchant armour {unknown}
 e - 5 scrolls of teleportation
 f - 2 scrolls of magic mapping
 l - 2 scrolls of blinking {unknown}
 p - 9 scrolls of remove curse
 q - a scroll of acquirement {unknown}
 t - 2 scrolls of enchant weapon {unknown}
 B - a scroll of random uselessness {unknown}
 C - 3 scrolls of fear
Potions
 d - 6 potions of lignification
 g - 2 potions of brilliance
 h - a potion of agility
 i - a potion of might {unknown}
 j - 5 potions of heal wounds
 m - 2 potions of cancellation
 v - 5 potions of curing
 w - a potion of haste {unknown}
 x - a potion of mutation
 z - 2 potions of invisibility
 A - 2 potions of flight
 E - a potion of ambrosia
Comestibles
 c - 21 rations


   Skills:
 + Level 9.9(9.5) Fighting
 - Level 1.5(1.2) Dodging
 - Level 3.0(2.6) Stealth
 - Level 2.4(2.0) Shields
 - Level 10.0(9.5) Spellcasting
 - Level 10.0(9.6) Conjurations
 - Level 10.0(9.5) Fire Magic
 - Level 6.0(5.6) Evocations


You had 18 spell levels left.
You knew the following spells:

 Your Spells              Type           Power        Failure   Level  Hunger
h - Flame Tongue          Conj/Fire      #####        1%          1    None
j - Sticky Flame          Conj/Fire      #####...     1%          4    ##.....
k - Fireball              Conj/Fire      #####.....   1%          5    #####..
l - Conjure Flame         Conj/Fire      #####...     1%          3    None

Your spell library contained the following spells:

 Spells                   Type           Power        Failure   Level  Hunger
 Olgreb's Toxic Radiance  Pois           #.......     21%         4    ##.....
 Throw Flame              Conj/Fire      #####.       1%          2    None
 Inner Flame              Hex/Fire       ####....     1%          3    None
 Animate Skeleton         Necr           N/A          8%          1    None
 Apportation              Tloc           #.....       8%          1    None
 Confusing Touch          Hex            #.....       8%          1    None
 Summon Small Mammal      Summ           #...         8%          1    None


Dungeon Overview and Level Annotations

Branches:
Dungeon (11/15)            Temple (1/1) D:5            Lair (1/6) D:11
    Orc (0/2) D:9

Altars:
Ashenzari
Cheibriados
Dithmenos
Elyvilon
Fedhas
Gozag
Hepliaklqana
Kikubaaqudgha
Makhleb
Nemelex Xobeh
Okawaru
Qazlal
Ru
Sif Muna
Trog
Uskayaw
Vehumet
Wu Jian
Xom
Yredelemnul
Zin
The Shining One
Beogh
Jiyva

Shops:
D:10 ?   D:11 }

Portals:
Trove: D:10 (give +7 demon whip)

Annotations:
Lair:1 3 runed doors, Erica; Ratty's ghost, novice DENe Gauntlet 15 transporters, exclusion: ice statue


Innate Abilities, Weirdness & Mutations

You cannot wear boots.
Your serpentine skin is tough. (AC +4)
You have supernaturally acute eyesight. (SInv)
Armour fits poorly on your strangely shaped body.
Your system is resistant to poisons. (rPois)
You cover ground very slowly.
You have a slow metabolism.
You can spit poison.


Message History

The shadow imp hits the withered plant.
Evoke which item? (* to show all) (? for menu, Esc to quit)
Aiming: Iceblast
Press: ? - help, Shift-Dir - straight line, p - soul eater The mass of ice explodes!
The iceblast engulfs the soul eater.
The soul eater is heavily wounded.
The soul eater burns!
The soul eater hits you!
You feel drained.
The shadow imp hits the withered plant.
Evoke which item? (* to show all) (? for menu, Esc to quit)
Aiming: Iceblast
Press: ? - help, Shift-Dir - straight line The mass of ice explodes!
The iceblast engulfs the soul eater.
The soul eater partially resists.
The soul eater is severely wounded.
The now-empty wand crumbles to dust.
The soul eater burns!
The soul eater hits you!
The shadow imp hits the withered plant but does no damage.
The soul eater burns!
The soul eater stops burning.
The soul eater draws from the surrounding life force!
You die...

.(.^....#.#.........#.#..##########
#.#.#.#.#.#..P......#.#..#
^#^#^#..#.#..#..P#P?#.#..#
#.#.#.#.#.#.....PP..#.#..#
.#.^.#..#.#....^...^#^#..#
#.#.#.#.#.#..PP..P..###..#
.#.#.#^.#.#.P#P.P#.$#....#
#^#.#.#.#.#....5P.P.#...8#
........#.#.....3@..#..###
#########.###########..#
...^...................#
...\..................8#
###\#################### ###


You could see a soul eater and a shadow imp.

Vanquished Creatures
  Harold (D:8)
  3 two-headed ogres
  5 skeletal warriors
  4 lindwurms (D:9)
  An ugly thing (D:11)
  2 manticores (D:11)
  A cyclops (D:11)
  Joseph (D:9)
  2 gargoyles
  A spiny frog (Lair:1)
  A komodo dragon (Lair:1)
  A troll (D:9)
  A slime creature (D:11)
  3 hippogriffs
  A spriggan (D:8)
  A chaos spawn (Gauntlet)
  A neqoxec (Gauntlet)
  A hungry ghost (D:10)
  An acid dragon (D:11)
  A water moccasin (D:5)
  3 phantoms
  5 orc warriors
  A black bear (D:8)
  3 ice beasts
  2 wolves (Lair:1)
  7 ogres
  2 centaurs
  2 big kobolds
  7 bullfrogs
  4 scorpions
  A wyvern skeleton (D:9)
  6 killer bees (D:8)
  8 wights
  A howler monkey (D:9)
  4 crimson imps
  3 centaur zombies
  2 bullfrog zombies
  A human zombie (Ossuary)
  8 hounds
  5 jellies
  4 bullfrog skeletons
  A gnoll shaman (D:9)
  2 quasits
  3 centaur skeletons
  11 orc priests
  11 orc wizards
  An iguana (D:7)
  6 worker ants
  3 hound zombies
  3 hound skeletons
  4 mummies (Ossuary)
  A howler monkey zombie (D:8)
  3 howler monkey skeletons
  10 gnolls
  8 adders
  7 shadow imps
  An ooze (D:6)
  An adder zombie (D:6)
  4 worms
  3 dart slugs
  5 leopard geckos
  37 orcs
  5 bats
  5 giant cockroaches
  9 goblins
  6 hobgoblins
  21 jackals
  16 kobolds
  5 quokkas
  3 ball pythons
  2 frilled lizards
  3 goblin zombies (Ossuary)
  2 hobgoblin zombies
  A leopard gecko skeleton (D:5)
  An orc zombie (Ossuary)
  11 rats
  2 withered plants (Gauntlet)
329 creatures vanquished.

Vanquished Creatures (others)
  A human (D:3)
  2 demonic plants (Gauntlet)
  A fungus (Lair:1)
  A plant (D:3)
  3 withered plants (Gauntlet)
8 creatures vanquished.

Grand Total: 337 creatures vanquished

Notes
Turn   | Place    | Note
-------+----------+-------------------------------------------
     0 | D:1      | Duffy the Naga Fire Elementalist began the quest for the
                  | Orb.
     0 | D:1      | Reached XP level 1. HP: 15/15 MP: 3/3
   175 | D:1      | Reached XP level 2. HP: 15/22 MP: 5/5
  1450 | D:2      | Reached XP level 3. HP: 9/28 MP: 0/6
  1455 | D:2      | Learned a level 3 spell: Conjure Flame
  2500 | D:2      | Noticed a moth of wrath
  2502 | D:2      | Found a bloodstained altar of Trog.
  2526 | D:2      | Reached XP level 4. HP: 36/36 MP: 7/7
  3193 | D:3      | Reached XP level 5. HP: 34/42 MP: 6/9
  4568 | D:3      | Reached XP level 6. HP: 42/49 MP: 6/10
  4638 | D:3      | Learned a level 4 spell: Sticky Flame
  4706 | D:3      | Found an ancient bone altar of Kikubaaqudgha.
  4709 | D:3      | Noticed a human
  4710 | D:3      | Killed a human
  5098 | D:3      | Found a burning altar of Makhleb.
  5618 | D:4      | Reached XP level 7. HP: 55/55 MP: 12/18
  5625 | D:4      | Learned a level 5 spell: Fireball
  6019 | D:4      | Reached skill level 1 in Fighting
  6019 | D:4      | Reached skill level 1 in Evocations
  6019 | D:4      | Reached XP level 8. HP: 64/64 MP: 12/19
  6870 | D:5      | Entered Level 5 of the Dungeon
  6870 | D:5      | Found a hide-covered altar of Uskayaw.
  7187 | D:5      | Found a basalt altar of Yredelemnul.
  7271 | D:5      | Found a staircase to the Ecumenical Temple.
  7280 | Temple   | Entered the Ecumenical Temple
  7416 | Temple   | Became a worshipper of Vehumet
  7907 | D:5      | Found a glowing golden altar of the Shining One.
  8171 | D:5      | Noticed a two-headed ogre
  8181 | D:5      | Killed a two-headed ogre
  8181 | D:5      | Reached XP level 9. HP: 76/76 MP: 9/20
  8558 | D:6      | Reached skill level 1 in Shields
  8615 | D:6      | Found a sand-covered staircase.
  8630 | Ossuary  | Entered an ossuary
  8890 | Ossuary  | Reached * piety under Vehumet
  8890 | Ossuary  | Offered knowledge of Shock by Vehumet.
  9293 | D:6      | Found a deep blue altar of Sif Muna.
  9463 | D:6      | Found a shattered altar of Ashenzari.
 10575 | D:7      | Reached XP level 10. HP: 85/87 MP: 8/21
 10715 | D:7      | Reached skill level 5 in Fighting
 10717 | D:7      | Reached skill level 5 in Evocations
 11182 | D:7      | Reached ** piety under Vehumet
 11182 | D:7      | Offered knowledge of Freeze by Vehumet.
 12160 | D:8      | Offered knowledge of Static Discharge by Vehumet.
 12856 | D:9      | Noticed a lindwurm
 12856 | D:9      | Noticed a lindwurm
 12859 | D:9      | Noticed a lindwurm
 13103 | D:9      | Killed a lindwurm
 13330 | D:9      | Noticed Harold
 13500 | D:8      | Killed Harold
 13500 | D:8      | Reached XP level 11. HP: 42/94 MP: 5/23
 13812 | D:9      | Found a shimmering altar of Xom.
 13864 | D:9      | Reached *** piety under Vehumet
 13918 | D:9      | Found a staircase to the Orcish Mines.
 14241 | D:9      | Found a roughly hewn altar of Beogh.
 14373 | D:9      | Found a stormy altar of Qazlal.
 14485 | D:9      | Noticed Joseph
 14515 | D:9      | Killed Joseph
 14728 | D:9      | Noticed a lindwurm
 14732 | D:9      | Killed a lindwurm
 14746 | D:9      | Killed a lindwurm
 14746 | D:9      | Killed a lindwurm
 14746 | D:9      | Offered knowledge of Airstrike by Vehumet.
 15060 | D:10     | Entered Level 10 of the Dungeon
 15137 | D:10     | Found Oliprapn's Magic Scroll Shop.
 15141 | D:10     | Bought a scroll of magic mapping for 45 gold pieces
 15141 | D:10     | Bought a scroll of identify for 26 gold pieces
 15141 | D:10     | Bought a scroll of identify for 26 gold pieces
 15141 | D:10     | Bought a scroll of noise for 13 gold pieces
 15141 | D:10     | Bought a scroll of fear for 45 gold pieces
 15437 | D:10     | Reached skill level 10 in Conjurations
 15802 | D:10     | Reached skill level 10 in Fire Magic
 15823 | D:10     | Found a portal to a secret trove of treasure.
 16342 | D:9      | Got a smoking mace
 16348 | D:9      | Got an encrusted quarterstaff
 16356 | D:9      | Identified the +7 mace of Disembowelment {crush, rF+} (You
                  | found it on level 9 of the Dungeon)
 16406 | D:11     | Noticed a manticore
 16410 | D:11     | Killed a manticore
 16825 | D:11     | Found a staircase to the Lair.
 16923 | D:11     | Reached skill level 10 in Spellcasting
 16958 | D:11     | Noticed a skeletal warrior
 16961 | D:11     | Noticed a skeletal warrior
 16963 | D:11     | Noticed a skeletal warrior
 16964 | D:11     | Noticed a skeletal warrior
 16964 | D:11     | Noticed a skeletal warrior
 16971 | D:10     | Killed a skeletal warrior
 17302 | D:10     | Killed a skeletal warrior
 17542 | D:11     | Killed a skeletal warrior
 17542 | D:11     | Reached XP level 12. HP: 106/106 MP: 8/26
 17771 | D:11     | Reached **** piety under Vehumet
 18023 | D:11     | Found Gychotzi's Gadget Shoppe.
 18099 | D:11     | Noticed a two-headed ogre
 18102 | D:11     | Killed a two-headed ogre
 18303 | D:11     | Noticed a two-headed ogre
 18351 | D:11     | Found a viscous altar of Jiyva.
 18512 | D:11     | Got a fine battleaxe
 18523 | D:11     | Killed a two-headed ogre
 18615 | Lair:1   | Entered Level 1 of the Lair of Beasts
 18722 | Lair:1   | Noticed Erica
 18723 | Lair:1   | Offered knowledge of Olgreb's Toxic Radiance by Vehumet.
 18739 | Lair:1   | Found a runed gate.
 18740 | Lair:1   | Found a runed gate.
 18741 | Lair:1   | Found a runed gate.
 18745 | Lair:1   | Noticed Ratty's ghost (novice DENe)
 18828 | Lair:1   | Found a gate leading to a gauntlet.
 18835 | Gauntlet | Entered a Gauntlet
 18835 | Gauntlet | Found a transporter.
 18950 | Gauntlet | Found a transporter.
 18952 | Gauntlet | Found a transporter.
 18958 | Gauntlet | Noticed a soul eater
 18959 | Gauntlet | Found a transporter.
 18974 | Gauntlet | Found a transporter.
 18979 | Gauntlet | Found a transporter.
 18994 | Gauntlet | Found a transporter.
 18995 | Gauntlet | Found the +6 lightning scales {run, rElec}
 19013 | Gauntlet | Found a transporter.
 19025 | Gauntlet | Found a transporter.
 19025 | Gauntlet | Noticed a wretched star
 19031 | Gauntlet | Found a transporter.
 19045 | Gauntlet | Noticed a thrashing horror
 19046 | Gauntlet | Found a transporter.
 19058 | Gauntlet | Found a transporter.
 19058 | Gauntlet | Noticed a ghost crab
 19064 | Gauntlet | Found a transporter.
 19064 | Gauntlet | Found a transporter.
 19079 | Gauntlet | Found a transporter.
 19096 | Gauntlet | Found a transporter.
 19115 | Gauntlet | Found a transporter.
 19142 | Gauntlet | Found a transporter.
 19495 | Gauntlet | Killed from afar by a soul eater

Vault maps used:
D:1:      dpeg_arrival_short_road, hex_medium
D:2:      tgw_trog, minmay_misc_feat_secret_circle, minivault_25
D:3:      minmay_chambers_of_twos, lightli_temple_of_fire, first_ration,
          serial_bayou_pond_a, tgw_kikubaaqudgha
D:5:      lemuel_crystal_altar, tso_altar, minmay_temple_entry_junction,
          basic_altar
D:6:      lemuel_coloured_pillars_altar, enter_ossuary_3, st_stairs_13,
          cheibrodos_ashenzari_chains
D:8:      grunt_pizzeria
D:9:      marbit_many_paths, minmay_orc_entry_temple_small, basic_altar,
          minmay_lindwurm_lava, uniq_harold, uniq_joseph
D:10:     enter_trove_1, serial_shops, nicolae_shop_stone
D:11:     lair_entry_dummy, serial_shops, shop, hangedman_decor_push,
          jiyva_altar_1
Temple:   eino_temple_rhombus
Lair:1:   gammafunk_ghost_necromancy, gauntlet_entry_generic,
          grunt_forest_large_clearings, uniq_erica
Ossuary:  ossuary_crypta
Gauntlet: gammafunk_gauntlet_one_two_three

Skill      XL: |  1  2  3  4  5  6  7  8  9 10 11 12 |
---------------+-------------------------------------+-----
Conjurations   | 2 3 4 8 9 10 | 10.0
Spellcasting   | 3 7 8 10 | 10.0
Fire Magic     | 4 8 9 10 | 10.0
Fighting       | 1 3 4 5 6 9 |  9.9
Evocations     | 1 3 4 6 |  6.0
Shields        | 2 |  2.4
Dodging        | |  1.5
Stealth        | |  3.0

Action                   |  1- 3 |  4- 6 |  7- 9 | 10-12 || total
-------------------------+-------+-------+-------+-------++-------
Melee: Dagger            |    59 |       |       |    81 ||   140
       Short sword       |       |    11 |    81 |    66 ||   158
       Mace              |       |       |       |    14 ||    14
 Cast: Flame Tongue      |    27 |   130 |   225 |   293 ||   675
       Sticky Flame      |       |       |    13 |    50 ||    63
       Conjure Flame     |       |       |    10 |    18 ||    28
       Fireball          |       |       |       |    41 ||    41
 Abil: Spit Poison       |    10 |    19 |     3 |     5 ||    37
Evoke: Wand              |       |       |       |    27 ||    27
  Use: Scroll            |       |     5 |     6 |     7 ||    18
       Potion            |       |     1 |       |     2 ||     3
 Stab: Sleeping          |     4 |       |     1 |       ||     5
  Eat: Chunk             |     2 |     8 |    14 |    17 ||    41
       Ration            |     1 |       |       |     5 ||     6
Armor: Robe              |     6 |       |    63 |    73 ||   142
       Leather armour    |     2 |    41 |     2 |       ||    45
       Skin              |       |       |       |    10 ||    10
Dodge: Dodged            |    38 |    90 |   157 |   283 ||   568
Block: Buckler           |       |       |    11 |    68 ||    79

Table legend:
 A = Non-vault XP
 B = Vault XP
 C = Vault XP percentage of total XP
 D = Non-vault monster count
 E = Vault monster count
 F = Vault count percentage of total count
                 A         B        C        D         E       F
            +---------+---------+-------+---------+---------+-------
      Total |   19332 |    6037 |  23.8 |     273 |      54 |  16.5
            +---------+---------+-------+---------+---------+-------
        D:1 |      22 |       0 |   0.0 |      13 |       0 |   0.0
        D:2 |      73 |       9 |  11.0 |      19 |       5 |  20.8
        D:3 |     332 |      40 |  10.8 |      43 |       8 |  15.7
        D:4 |     505 |       0 |   0.0 |      24 |       0 |   0.0
        D:5 |    1549 |       0 |   0.0 |      15 |       0 |   0.0
        D:6 |     388 |       3 |   0.8 |      12 |       2 |  14.3
        D:7 |    1960 |       0 |   0.0 |      39 |       0 |   0.0
        D:8 |    1467 |    1248 |  46.0 |      29 |       2 |   6.5
        D:9 |    1110 |    3470 |  75.8 |      28 |      14 |  33.3
       D:10 |    3176 |      45 |   1.4 |      24 |       1 |   4.0
       D:11 |    7912 |     371 |   4.5 |      24 |       3 |  11.1
     Lair:1 |     838 |     243 |  22.5 |       3 |       2 |  40.0
    Ossuary |       0 |     218 | 100.0 |       0 |      12 | 100.0
   Gauntlet |       0 |     390 | 100.0 |       0 |       5 | 100.0
            +---------+---------+-------+---------+---------+-------
